 Dungeon Crawl Stone Soup version 0.21-a0-251-g5e8393f (webtiles) character file.

13 tidbits the Insei (level 2, 19/22 HPs)
             Began as a Demigod Transmuter on Sept 5, 2017.
             Quit the game on level 1 of the Dungeon.
             The game lasted 00:02:21 (378 turns).

tidbits the Insei (Demigod Transmuter)               Turns: 378, Time: 00:02:22

Health: 19/22      AC:  3    Str: 13    XL:     2   Next: 12%
Magic:  7/7        EV: 12    Int: 17    God:
Gold:   72         SH:  0    Dex: 16    Spells: 4/5 levels left

rFire    . . .     SeeInvis .     - Unarmed
rCold    . . .     Gourm    .   (no shield)
rNeg     . . .     Faith    .   b - +0 robe
rPois    .         Spirit   .   (no helmet)
rElec    .         Reflect  .   (no cloak)
rCorr    .         Harm     +   (no gloves)
MR       .....                  m - +0 pair of boots
Stlth    +.........             k - amulet of harm
HPRegen  0.07/turn              (no ring)
MPRegen  0.10/turn              (no ring)

@: no status effects
A: high mp 1
a: no special abilities


You were on level 1 of the Dungeon.
You were not hungry.

You visited 1 branch of the dungeon, and saw 1 of its levels.

You collected 72 gold pieces.

Inventory:

Hand Weapons
 i - a +0 hunting sling
Missiles
 a - 12 arrows
 g - 43 stones (quivered)
Armour
 b - a +0 robe (worn)
 m - a +0 pair of boots (worn)
Jewellery
 k - an amulet of harm (around neck)
   (You took it off a goblin on level 1 of the Dungeon)
Scrolls
 e - a scroll of magic mapping {unknown}
 f - a scroll of random uselessness {unknown}
 h - a scroll of identify {unknown}
Potions
 l - a potion of heal wounds {unknown}
Books
 c - a book of Changes

   Spells                             Type                      Level
   a - Beastly Appendage              Transmutation                1
   b - Sticks to Snakes               Transmutation                2
   c - Spider Form                    Transmutation/Poison         3
   d - Ice Form                       Ice/Transmutation            4
   e - Blade Hands                    Transmutation                5
Comestibles
 d - 3 bread rations
 j - a royal jelly


   Skills:
 - Level 0.8 Fighting
 - Level 1.7 Dodging
 * Level 2.9 Unarmed Combat
 - Level 2.0 Spellcasting
 + Level 2.1 Transmutations


You had 4 spell levels left.
You knew the following spells:

 Your Spells              Type           Power        Failure   Level  Hunger
e - Beastly Appendage     Tmut           #.....       8%          1    #......


Dungeon Overview and Level Annotations

Branches:
Dungeon (1/15)


Innate Abilities, Weirdness & Mutations

You have an increased reservoir of magic. (+10% MP)


Message History

You closely miss the goblin.
The goblin shouts!
The goblin closely misses you.
You completely miss the goblin. Your headbutt misses the goblin.
The goblin closely misses you.
You hit the goblin.
You kill the goblin!
You hit the goblin.
You kill the goblin!
k - a runed diamond amulet You see here a goblin corpse.
Put on which piece of jewellery? (? for menu, Esc to quit)
k - an amulet of harm (around neck)
Your transformation is almost over.
You now have 34 gold pieces (gained 15).
Your horns disappear.
l - a bubbling white potion You now have 46 gold pieces (gained 12).
Things that are here:
a club; a goblin corpse You see here a club.
All of the chunks of flesh in your inventory have rotted away.
Found 7 gold pieces.
You now have 53 gold pieces (gained 7).
Found 9 bolts.
Found 17 stones.
You see here 9 bolts.
You see here 17 stones.
You see here 17 stones.
You see here 9 bolts.
Found a scroll labeled OFAIHU NAKHLOI.
A kobold comes into view. It is wielding a whip.
The kobold shouts!
Found 8 gold pieces.
The kobold misses you.
Casting: Beastly Appendage
Confirm with . or Enter, or press ? or * to list all spells.
You grow a pair of large bovine horns.
The kobold hits you with a whip.
You hit the kobold.
You kill the kobold!
You have reached level 2!
You see here a whip.
Found a bread ration and a pair of boots.
f - a scroll labeled OFAIHU NAKHLOI You now have 61 gold pieces (gained 8).
d - 3 bread rations (gained 1)
You now have 72 gold pieces (gained 11).
Your transformation is almost over.
You see here a pair of boots.
m - a pair of boots Wear which item? (? for menu, Esc to quit)
You start putting on your armour.
You continue putting on your pair of boots. x4
You finish putting on your +0 pair of boots.
A kobold comes into view. It is wielding a short sword.
Your horns disappear.
The kobold shouts!
The kobold throws a stone.
The stone misses you.
Found 25 stones.
Casting: Beastly Appendage
Confirm with . or Enter, or press ? or * to list all spells.
You grow a pair of large bovine horns.
Your transformation is almost over.
The kobold throws a stone.
The stone misses you.
Casting: Beastly Appendage
Confirm with . or Enter, or press ? or * to list all spells.
You extend your transformation's duration.
The kobold hits you but does no damage.
You hit the kobold.
The kobold is heavily wounded.
The kobold hits you but does no damage.
You barely miss the kobold.
The kobold is heavily wounded.
The kobold hits you but does no damage.
You closely miss the kobold.
The kobold is heavily wounded.
The kobold hits you but does no damage.
You hit the kobold but do no damage. Your headbutt misses the kobold.
The kobold is heavily wounded.
The kobold closely misses you.
You closely miss the kobold.
The kobold is heavily wounded.
Your transformation is almost over.
The kobold completely misses you.
You hit the kobold but do no damage. You headbutt the kobold.
The kobold is severely wounded.
The kobold hits you with a short sword.
You barely miss the kobold. You headbutt the kobold.
You kill the kobold!
Things that are here:
a short sword; 3 stones A kobold comes into view.
The kobold shouts!
The kobold hits you.
You hit the kobold.
You kill the kobold!
Your horns disappear.
A bat comes into view.
You hit the bat but do no damage. The bat closely misses you.
Are you sure you want to abandon this character and quit the game? (Confirm with "yes".)

#.####)#
#.##...#######.
#..............
####.##.###.##
..........#.#
####....(.#.#
####.....# #
##..#####....
#...@.b...#
#.###.###...
#.# .# #. ##
#.# .# ##.#. .#
#.# .## ####
#.... (#######
#... .#..... ..
...#. .......#
#..# ##.##.. .#
#.... .#####.#
#..# #.##.# .#
#..#. .# #.#
#..#
#.##.##.###..#.


You could see a bat.

Vanquished Creatures
  2 dart slugs (D:1)
  2 goblins (D:1)
  A hobgoblin (D:1)
  3 kobolds (D:1)
8 creatures vanquished.

Notes
Turn   | Place    | Note
-------+----------+-------------------------------------------
     0 | D:1      | tidbits the Demigod Transmuter began the quest for the Orb.
     0 | D:1      | Reached XP level 1. HP: 15/15 MP: 5/5
    37 | D:1      | Reached skill level 2 in Spellcasting
   183 | D:1      | Reached skill level 2 in Transmutations
   334 | D:1      | Reached XP level 2. HP: 18/22 MP: 5/7
   378 | D:1      | Quit the game

Vault maps used:
D:1:      dpeg_arrival_round_c

Skill      XL: |  1 |
---------------+----+-----
Spellcasting   | 2 |  2.0
Transmutations | 2 |  2.1
Fighting       | |  0.8
Dodging        | |  1.7
Unarmed Combat | |  2.9

Action                   || total
-------------------------++-------
Melee: Unarmed           ||    29
       Kick              ||     7
       Headbutt          ||     3
 Cast: Beastly Appendage ||     8
Armor: Robe              ||     4
Dodge: Dodged            ||    12

Table legend:
 A = Spawn XP
 B = Non-spawn XP
 C = Spawn XP percentage of total XP
 D = Spawn monster count
 E = Non-spawn monster count
 F = Spawn count percentage of total count
 G = Total turns spent on level
                    A         B        C        D         E        F      G
               +---------+---------+-------+---------+---------+-------+---------
         Total |       0 |      19 |   0.0 |       0 |       8 |   0.0 |   378
               +---------+---------+-------+---------+---------+-------+---------
           D:1 |       0 |      19 |   0.0 |       0 |       8 |   0.0 |   378
               +---------+---------+-------+---------+---------+-------+---------

Table legend:
 A = Turns spent in this place as a percentage of turns spent in the entire game.
 B = Non-inter-level travel turns spent in this place as a percentage of non-inter-level travel turns spent in the entire game.
 C = Inter-level travel turns spent in this place as a percentage of turns spent in this place.
 D = Turns resting spent in this place as a percentage of non-inter-level travel turns spent in this place.
 E = Turns spent auto-exploring this place as a percentage of non-inter-level travel turns spent in this place.
 F = Non-inter-level travel turns spent in this place divided by the number of levels of this place that you've seen.
                   A       B       C       D       E      F
               +-------+-------+-------+-------+-------+----------------------
         Total | 100.0 | 100.0 |   0.0 |   0.0 |   0.0 | 378.0
       Dungeon | 100.0 | 100.0 |   0.0 |   0.0 |   0.0 | 378.0
               +-------+-------+-------+-------+-------+----------------------

Table legend:
 A = Kills in this place as a percentage of kills in entire the game.
 B = Kills by you in this place as a percentage of kills by you in the entire game.
 C = Kills by friends in this place as a percentage of kills by friends in the entire game.
 D = Other kills in this place as a percentage of other kills in the entire game.
 E = Experience gained in this place as a percentage of experience gained in the entire game.
 F = Experience gained in this place divided by the number of levels of this place that you have seen.
                   A       B       C       D       E      F
               +-------+-------+-------+-------+-------+----------------------
         Total | 100.0 | 100.0 |   N/A |   N/A | 100.0 |  19.0
       Dungeon | 100.0 | 100.0 |   N/A |   N/A | 100.0 |  19.0
               +-------+-------+-------+-------+-------+----------------------

Vault maps used:
D:1:      dpeg_arrival_round_c
